 Dungeon Crawl Stone Soup version 0.29.1-13-g9f3cf754e1 (webtiles) character file.

Game seed: 15979822155392958373

48 Rikuski the Ducker (level 3, -4/26 HPs)
             Began as an Octopode Berserker on Feb 4, 2023.
             Was a Follower of Trog.
             Killed by nerve-wracking pain
             ... invoked by an orc priest
              (12 damage)
             ... on level 3 of the Dungeon.
             The game lasted 00:04:46 (2209 turns).

Rikuski the Ducker (Octopode Berserker)             Turns: 2209, Time: 00:04:46

Health: -4/26      AC:  1    Str: 18    XL:     3   Next: 72%
Magic:  3/3        EV: 13    Int:  9    God:    Trog [*.....]
Gold:   64         SH:  0    Dex: 11    Spells: 2/2 levels left

rFire   . . .      SeeInvis .   a - +0 falchion
rCold   . . .      Faith    .   (no shield)
rNeg    . . .      Spirit   .   (helmet restricted)
rPois   .          Reflect  .   (no amulet)
rElec   .          Harm     .   (no ring)
rCorr   .          Rampage  .   (no ring)
Will    .....                   (no ring)
Stlth   ++........              (no ring)
HPRegen 0.08/turn               (no ring)
MPRegen 0.08/turn               (no ring)
                                (no ring)
                                (no ring)

@: attractive
A: almost no armour, amphibious, 8 rings, camouflage 1, gelatinous body 1,
(nimble swimmer 1), tentacles
a: Renounce Religion, Berserk


You were on level 3 of the Dungeon.
You worshipped Trog.
Trog was aware of your devotion.
You visited 1 branch of the dungeon, and saw 3 of its levels.

You collected 64 gold pieces.

Inventory:

Hand Weapons
 a - a +0 falchion (weapon)
Missiles
 k - 34 stones (quivered)
Jewellery
 f - a ring of magical power
 j - a ring of magical power
Scrolls
 b - 4 scrolls of identify {unknown}
 d - a scroll of enchant weapon {unknown}
 e - 2 scrolls of blinking {unknown}
 g - a scroll of butterflies {unknown}
 h - a scroll of enchant armour {unknown}
 i - 2 scrolls of teleportation {unknown}
 l - a scroll of silence {unknown}
 m - a scroll of acquirement {unknown}
 o - a scroll of brand weapon {unknown}
 q - a scroll of poison {unknown}
Potions
 c - 2 potions of resistance
 n - a potion of might {unknown}
 p - a potion of curing {unknown}
 r - a potion of attraction


   Skills:
 + Level 3.5 Fighting
 + Level 3.6 Long Blades
 + Level 3.6 Dodging


You had 2 spell levels left.
You didn't know any spells.
Your spell library contained the following spells:

 Spells                   Type           Power      Damage    Failure   Level
 Foxfire                  Conj/Fire      0%         2x1d4     38%         1
 Conjure Flame            Conj/Fire      0%         6-21      77%         3
 Inner Flame              Hex/Fire       0%         N/A       77%         3
 Ozocubu's Armour         Ice            0%         N/A       77%         3
 Flame Wave               Conj/Fire      0%         2d4       99%         4
 Ozocubu's Refrigeration  Ice            0%         4d7       100%        7


Dungeon Overview and Level Annotations

Branches:
Dungeon (3/15)

Altars:
The Shining One


Innate Abilities, Weirdness & Mutations

You cannot wear most types of armour.
You are amphibious.
You can wear up to eight rings at the same time.
Your skin changes colour to match your surroundings (Stealth+).
Your rubbery body absorbs attacks. (AC +1, EV +1)
((You are camouflaged when in or above water. (Stealth+)))
You have tentacles for arms and can constrict up to eight enemies at once.


Message History

It was a potion of attraction.
You feel attractive to monsters. The orc is attracted toward you.
The orc priest is attracted toward you. The orc is attracted toward you.
The orc shouts!
You hit the orc. You grab the orc.
The orc is severely wounded.
You constrict the orc. The orc hits you with a +0 mace.
The orc is attracted toward you.
You hit the orc.
You kill the orc!
Trog accepts your kill.
The orc priest hits you with a +0 dagger.
The orc is attracted toward you.
You hit the orc priest but do no damage.
You grab the orc priest. You squeeze the orc priest!
The orc priest is severely wounded.
You constrict the orc priest.
A worm comes into view.
The orc barely misses you.
The orc priest mumbles some strange prayers to Beogh against you.
Pain shoots through your body! The orc is attracted toward you.
The worm is attracted toward you.
You hit the orc priest but do no damage.
The orc priest is severely wounded.
You constrict the orc priest, but do no damage.
The orc hits you with a +0 mace. The orc priest barely misses you.
You hit the orc priest.
The orc priest is almost dead.
You constrict the orc priest, but do no damage.
The orc hits you with a +0 mace. The orc priest barely misses you.
You are too injured to fight recklessly!
You release your grip on the orc priest.
The orc priest attacks as you move away!
The orc priest hits you with a +0 dagger.
The orc priest is attracted toward you. The orc attacks as you move away!
The orc closely misses you.
The orc priest calls down the wrath of Beogh upon you.
Pain shoots through your body!
You die...

..## ...# . # #..
$.#. #.# ##...###.#
#......ยง.#
......w.o####
#..##.##o...# #
#..@..###
#.....#...[.####.#
##...##..#.<...[.#
..._.....##.#...##
.##...##.###...#....
#... #.# #.... #..
..#. .(. .#.#... >
#... . .#### .... .
.#


You could see a worm, an orc priest and an orc.

Vanquished Creatures
  2 worms (D:2)
  2 orcs
  A ball python (D:1)
  7 bats
  3 endoplasms
  A giant cockroach (D:1)
  5 goblins
  7 hobgoblins
  A quokka (D:2)
  2 frilled lizards (D:2)
  A kobold (D:2)
  3 rats
35 creatures vanquished.

Notes
Turn   | Place    | Note
-------+----------+-------------------------------------------
     0 | D:1      | Rikuski the Octopode Berserker began the quest for the Orb.
     0 | D:1      | Reached XP level 1. HP: 16/16 MP: 1/1
   177 | D:1      | Reached XP level 2. HP: 20/21 MP: 2/2
   760 | D:1      | You fall into a shaft and drop 1 floor!
   816 | D:2      | Reached XP level 3. HP: 4/26 MP: 3/3
  1108 | D:2      | Found a faded altar of an unknown god.
  2199 | D:3      | Found a glowing golden altar of the Shining One.
  2209 | D:3      | Killed from afar by an orc priest

Illustrated notes

Levels and vault maps discovered:
D:1:      dpeg_arrival_subterranean_lakeside_camping, layout_rooms
D:2:      layout_loops_cross, shapermc_ecumenical_altar_totnotflames,
          serial_forest, infiniplex_forest_lined_room_2,
          infiniplex_forest_fountain, infiniplex_forest_lined_1,
          infiniplex_forest_lined_4_way, infiniplex_forest_3_way,
          infiniplex_forest_lined_corner, infiniplex_forest_lined_4_way,
          infiniplex_forest_zigzag_2, infiniplex_forest_lined_1,
          infiniplex_forest_clump_curved
D:3:      layout_rooms, mainiacjoe_overflow_small_starburst,
          lemuel_coloured_pillars_altar, serial_shops, shop_fountains

Action                   || total
-------------------------++-------
Melee: Falchion          ||    64
       Tentacles         ||     8
       Constrict         ||    13
  Use: Potion            ||     3
 Stab: Sleeping          ||     9
Armor: Skin              ||     2
Dodge: Dodged            ||    44
